 Dungeon Crawl Stone Soup version 0.22-a0-265-g0d8bc90 (webtiles) character file.

1503 tidbits the Insei (level 8, -5/61 HPs)
             Began as a Gnoll Transmuter on Mar 6, 2018.
             Slain by an unseen horror (8 damage)
             ... on level 6 of the Dungeon.
             The game lasted 00:11:47 (1517 turns).

tidbits the Insei (Gnoll Transmuter)                Turns: 1517, Time: 00:11:47

Health: -5/61      AC:  2    Str: 12    XL:     8   Next: 82%
Magic:  12/17      EV: 26    Int: 17    God:
Gold:   214        SH:  0    Dex: 22    Spells: 13/19 levels left

rFire    . . .     SeeInvis .     - Unarmed
rCold    + . .     Gourm    .   (shield currently unavailable)
rNeg     . . .     Faith    .   (armour currently unavailable)
rPois    x         Spirit   .   (helmet currently unavailable)
rElec    .         Reflect  .   (cloak currently unavailable)
rCorr    .         Harm     .   (gloves currently unavailable)
MR       .....                  (boots currently unavailable)
Stlth    +++.......             (no amulet)
HPRegen  0.20/turn              h - ring of protection from cold
MPRegen  0.15/turn              (no ring)

@: spider-form (expiring)
A: tiny, distributed training, strong nose
a: End Transformation


You were on level 6 of the Dungeon.
You were not hungry.
You were a venomous arachnid creature.
You visited 1 branch of the dungeon, and saw 6 of its levels.
You also visited: Sewer.

You collected 214 gold pieces.

Inventory:

Hand Weapons
 f - a +0 shortbow
 j - a +2 long sword of holy wrath
   (You found it on level 2 of the Dungeon)
 o - a +0 dagger (melded)
 x - a +0 war axe
Missiles
 a - 82 arrows
 g - 56 sling bullets
 q - 16 poisoned needles
Armour
 w - a scarf of resistance
   (You found it on level 6 of the Dungeon)
 B - a +0 robe (melded)
 C - a +1 cloak (melded)
 F - a +0 pair of boots (melded)
 G - a +0 pair of gloves (melded)
Jewellery
 h - a ring of protection from cold (left front leg)
   (You found it on level 1 of the Dungeon)
Wands
 b - a wand of enslavement (8)
 d - a wand of digging (15)
Scrolls
 c - 3 scrolls of teleportation
 k - 3 scrolls of remove curse
 p - a scroll of immolation
 s - a scroll of enchant armour
 t - a scroll of amnesia
 y - a scroll of vulnerability
Potions
 e - 2 potions of haste {unknown}
 i - 2 potions of degeneration {unknown}
 l - 2 potions of heal wounds {unknown}
 n - a potion of lignification {unknown}
 u - 2 potions of flight {unknown}
 v - a potion of curing
Comestibles
 m - 5 rations


   Skills:
 + Level 4.4 Fighting
 + Level 3.5 Short Blades
 + Level 3.5 Long Blades
 + Level 3.5 Axes
 + Level 3.5 Maces & Flails
 + Level 3.5 Polearms
 + Level 3.5 Staves
 + Level 3.5 Slings
 + Level 3.5 Bows
 + Level 3.5 Crossbows
 + Level 3.5 Throwing
 + Level 3.5 Armour
 + Level 5.8 Dodging
 + Level 3.5 Stealth
 + Level 3.5 Shields
 + Level 7.5 Unarmed Combat
 + Level 6.2 Spellcasting
 + Level 2.9 Conjurations
 + Level 2.9 Hexes
 + Level 2.9 Charms
 + Level 2.9 Summonings
 + Level 2.9 Necromancy
 + Level 2.9 Translocations
 + Level 4.8 Transmutations
 + Level 2.9 Fire Magic
 + Level 2.9 Ice Magic
 + Level 2.9 Air Magic
 + Level 2.9 Earth Magic
 + Level 2.9 Poison Magic
 + Level 3.9 Invocations
 + Level 3.5 Evocations


You had 13 spell levels left.
You knew the following spells:

 Your Spells              Type           Power        Failure   Level  Hunger
e - Beastly Appendage     Tmut           ###...       7%          1    None
k - Sticks to Snakes      Tmut           ###.....     10%         2    None
p - Spider Form           Tmut/Pois      ###.......   21%         3    ##.....


Dungeon Overview and Level Annotations

Branches:
Dungeon (6/15)
 Temple: D:4-7

Altars:
Elyvilon
Fedhas
Kikubaaqudgha
Nemelex Xobeh


Innate Abilities, Weirdness & Mutations

Your experience applies equally to all skills.
((You have very sharp teeth.))
Your uncanny sense of smell can sniff out nearby items.


Message History

Okay, then.
You closely miss the bullfrog.
The bullfrog is lightly wounded.
The bullfrog completely misses you.
Your ball python bites the two-headed ogre but does no damage.
You bite the two-headed ogre!
The two-headed ogre is poisoned.
The two-headed ogre is lightly wounded.
Your ball python bites the two-headed ogre.
You hit the two-headed ogre.
The two-headed ogre is lightly wounded.
The two-headed ogre hits you with a giant club!
* * * LOW HITPOINT WARNING * * *
The two-headed ogre hits you with a giant club.
* * * LOW HITPOINT WARNING * * *
Your ball python completely misses the two-headed ogre.
You barely miss the two-headed ogre.
The two-headed ogre is moderately wounded.
The bullfrog looks more healthy.
Your ball python bites the two-headed ogre but does no damage.
The two-headed ogre closely misses you. The two-headed ogre misses you.
You bite the two-headed ogre!
The two-headed ogre looks as sick as possible!
The two-headed ogre is heavily wounded.
Your ball python bites the two-headed ogre but does no damage.
You hit the two-headed ogre but do no damage.
The two-headed ogre is heavily wounded.
The two-headed ogre barely misses you.
The two-headed ogre completely misses you.
Your ball python bites the two-headed ogre but does no damage.
You bite the two-headed ogre!
The two-headed ogre is severely wounded.
Your ball python bites the two-headed ogre.
The two-headed ogre closely misses you. The two-headed ogre barely misses you.
You bite the two-headed ogre!
The two-headed ogre is severely wounded.
Your ball python bites the two-headed ogre.
You hit the two-headed ogre.
The two-headed ogre looks as sick as possible!
The two-headed ogre is almost dead.
The two-headed ogre hits you with a giant club.
* * * LOW HITPOINT WARNING * * *
The two-headed ogre barely misses you.
Your ball python bites the two-headed ogre.
You hit the two-headed ogre but do no damage.
The two-headed ogre looks as sick as possible!
The two-headed ogre is almost dead.
Your ball python barely misses the two-headed ogre.
The two-headed ogre misses you.
The two-headed ogre hits you with a giant club.
* * * LOW HITPOINT WARNING * * *
You hit the two-headed ogre.
You kill the two-headed ogre!
Your Fighting skill increases to level 4!
Your Short Blades skill increases to level 3!
Your Long Blades skill increases to level 3!
Your Axes skill increases to level 3!
Your Maces & Flails skill increases to level 3!
Your Polearms skill increases to level 3!
Your Staves skill increases to level 3!
Your Slings skill increases to level 3!
Your Bows skill increases to level 3!
Your Crossbows skill increases to level 3!
Your Throwing skill increases to level 3!
Your Armour skill increases to level 3!
Your Stealth skill increases to level 3!
Your Shields skill increases to level 3!
Your Spellcasting skill increases to level 6!
Your Evocations skill increases to level 3!
You have reached level 8!
You feel agile.
Your ball python barely misses the bullfrog.
Your ball python completely misses the bullfrog.
You closely miss the bullfrog.
The bullfrog is lightly wounded.
The bullfrog barely misses you.
Your ball python closely misses the bullfrog.
Your ball python grabs the bullfrog.
Your ball python constricts the bullfrog.
The bullfrog closely misses you.
You hit the bullfrog.
The bullfrog is lightly wounded.
Your ball python barely misses the bullfrog.
Your ball python constricts the bullfrog.
The bullfrog completely misses you.
You bite the bullfrog!
The bullfrog is poisoned.
The bullfrog is severely wounded.
The bullfrog barely misses you.
Your ball python bites the bullfrog.
Your ball python constricts the bullfrog.
The bullfrog hits your ball python.
Your ball python dies!
The bullfrog croaks.
You barely miss the bullfrog.
The bullfrog is almost dead.
You kill the bullfrog!
Your transformation is almost over.
Something completely misses you.
Things that are here:
a giant club x2
You barely miss something. Something hits you!
You die...

#........#
########.#
#.# #.# #
#.# #. ∆
#.# .# ##
#.# .#.
#.#∆ #.#∆
#.#####s##
#.##.....#
#....#####
######


There were no monsters in sight!

Vanquished Creatures
  A two-headed ogre (D:6)
  2 centaurs
  A big kobold (Sewer)
  2 bullfrogs (D:6)
  A scorpion (D:4)
  2 centaur zombies
  A quasit (D:5)
  2 hounds
  3 orc wizards
  Ijyb (D:4)
  2 worker ants
  3 gnolls (D:3)
  A river rat (Sewer)
  7 adders
  A shadow imp (D:6)
  An ooze (D:3)
  2 leopard geckos
  10 orcs
  A giant cockroach (D:1)
  4 goblins
  A hobgoblin (D:1)
  14 jackals
  6 kobolds
  2 quokkas
  A ball python (D:4)
  3 bats
  2 frilled lizards (D:1)
  6 rats
83 creatures vanquished.

Notes
Turn   | Place    | Note
-------+----------+-------------------------------------------
     0 | D:1      | tidbits the Gnoll Transmuter began the quest for the Orb.
     0 | D:1      | Reached XP level 1. HP: 17/17 MP: 6/6
    27 | D:1      | Reached XP level 2. HP: 19/23 MP: 5/7
    31 | D:1      | Learned a level 2 spell: Sticks to Snakes
   209 | D:2      | Reached XP level 3. HP: 13/28 MP: 9/9
   214 | D:2      | Learned a level 3 spell: Spider Form
   251 | D:2      | Reached skill level 5 in Spellcasting
   331 | D:2      | Reached skill level 1 in Invocations
   455 | D:3      | Reached skill level 1 in Short Blades
   455 | D:3      | Reached skill level 1 in Long Blades
   455 | D:3      | Reached skill level 1 in Axes
   455 | D:3      | Reached skill level 1 in Maces & Flails
   455 | D:3      | Reached skill level 1 in Polearms
   455 | D:3      | Reached skill level 1 in Staves
   455 | D:3      | Reached skill level 1 in Slings
   455 | D:3      | Reached skill level 1 in Bows
   455 | D:3      | Reached skill level 1 in Crossbows
   455 | D:3      | Reached skill level 1 in Throwing
   455 | D:3      | Reached skill level 1 in Armour
   455 | D:3      | Reached skill level 1 in Stealth
   455 | D:3      | Reached skill level 1 in Shields
   455 | D:3      | Reached skill level 1 in Evocations
   455 | D:3      | Reached XP level 4. HP: 29/34 MP: 0/11
   496 | D:3      | Reached skill level 1 in Conjurations
   496 | D:3      | Reached skill level 1 in Hexes
   496 | D:3      | Reached skill level 1 in Charms
   496 | D:3      | Reached skill level 1 in Summonings
   496 | D:3      | Reached skill level 1 in Necromancy
   496 | D:3      | Reached skill level 1 in Translocations
   496 | D:3      | Reached skill level 1 in Fire Magic
   496 | D:3      | Reached skill level 1 in Ice Magic
   496 | D:3      | Reached skill level 1 in Air Magic
   496 | D:3      | Reached skill level 1 in Earth Magic
   496 | D:3      | Reached skill level 1 in Poison Magic
   511 | D:3      | Reached XP level 5. HP: 40/40 MP: 2/12
   555 | D:4      | Noticed Ijyb
   565 | D:4      | Killed Ijyb
   589 | D:3      | Found a sparkling altar of Nemelex Xobeh.
   605 | D:3      | Reached skill level 3 in Fighting
   696 | D:5      | Entered Level 5 of the Dungeon
   777 | D:4      | Reached skill level 4 in Transmutations
   881 | D:4      | Reached skill level 2 in Invocations
   881 | D:4      | Reached XP level 6. HP: 39/47 MP: 10/13
   883 | D:4      | Found a white marble altar of Elyvilon.
   935 | D:5      | Reached skill level 2 in Short Blades
   935 | D:5      | Reached skill level 2 in Long Blades
   935 | D:5      | Reached skill level 2 in Axes
   935 | D:5      | Reached skill level 2 in Maces & Flails
   935 | D:5      | Reached skill level 2 in Polearms
   935 | D:5      | Reached skill level 2 in Staves
   935 | D:5      | Reached skill level 2 in Slings
   935 | D:5      | Reached skill level 2 in Bows
   935 | D:5      | Reached skill level 2 in Crossbows
   935 | D:5      | Reached skill level 2 in Throwing
   935 | D:5      | Reached skill level 2 in Armour
   935 | D:5      | Reached skill level 5 in Dodging
   935 | D:5      | Reached skill level 2 in Stealth
   935 | D:5      | Reached skill level 2 in Shields
   935 | D:5      | Reached skill level 2 in Evocations
   957 | D:4      | Found a glowing drain.
   962 | Sewer    | Entered a sewer
  1027 | Sewer    | Reached XP level 7. HP: 36/52 MP: 10/15
  1048 | Sewer    | Found a white marble altar of Elyvilon.
  1197 | D:5      | Reached skill level 7 in Unarmed Combat
  1288 | D:6      | Reached skill level 2 in Conjurations
  1288 | D:6      | Reached skill level 2 in Hexes
  1288 | D:6      | Reached skill level 2 in Charms
  1288 | D:6      | Reached skill level 2 in Summonings
  1288 | D:6      | Reached skill level 2 in Necromancy
  1288 | D:6      | Reached skill level 2 in Translocations
  1288 | D:6      | Reached skill level 2 in Fire Magic
  1288 | D:6      | Reached skill level 2 in Ice Magic
  1288 | D:6      | Reached skill level 2 in Air Magic
  1288 | D:6      | Reached skill level 2 in Earth Magic
  1288 | D:6      | Reached skill level 2 in Poison Magic
  1341 | D:6      | Found an ancient bone altar of Kikubaaqudgha.
  1407 | D:6      | Reached skill level 3 in Invocations
  1427 | D:6      | Found a blossoming altar of Fedhas.
  1498 | D:6      | Noticed a two-headed ogre
  1510 | D:6      | HP: 2/53 [two-headed ogre/giant club (5)]
  1511 | D:6      | Killed a two-headed ogre
  1511 | D:6      | Reached skill level 4 in Fighting
  1511 | D:6      | Reached skill level 3 in Short Blades
  1511 | D:6      | Reached skill level 3 in Long Blades
  1511 | D:6      | Reached skill level 3 in Axes
  1511 | D:6      | Reached skill level 3 in Maces & Flails
  1511 | D:6      | Reached skill level 3 in Polearms
  1511 | D:6      | Reached skill level 3 in Staves
  1511 | D:6      | Reached skill level 3 in Slings
  1511 | D:6      | Reached skill level 3 in Bows
  1511 | D:6      | Reached skill level 3 in Crossbows
  1511 | D:6      | Reached skill level 3 in Throwing
  1511 | D:6      | Reached skill level 3 in Armour
  1511 | D:6      | Reached skill level 3 in Stealth
  1511 | D:6      | Reached skill level 3 in Shields
  1511 | D:6      | Reached skill level 6 in Spellcasting
  1511 | D:6      | Reached skill level 3 in Evocations
  1511 | D:6      | Reached XP level 8. HP: 2/61 MP: 11/17
  1517 | D:6      | Slain by an unseen horror

Vault maps used:
D:1:      dpeg_arrival_boxes_within_box
D:2:      nicolae_overflow_crystal_walls, uniq_natasha
D:3:      nemelex_xobeh_ov_fountains_minmay
D:4:      lemuel_crystal_altar, first_ration, portal_sewer_entry_e,
          minmay_misc_feat_nine_boxes, uniq_ijyb
D:5:      minmay_temple_entry_fiery, minmay_misc_feat_cross,
          kennysheep_generic_room_14
D:6:      minmay_cornered_nines, kiku_gazebo_pond_becter,
          nicolae_qazlal_eye_of_the_storm, fedhas_altar_2
Sewer:    sewer_kobolds

Skill      XL: |  1  2  3  4  5  6  7 |
---------------+----------------------+-----
Spellcasting   | 5 6 |  6.2
Invocations    | 1 2 3 |  3.9
Short Blades   | 1 2 3 |  3.5
Long Blades    | 1 2 3 |  3.5
Axes           | 1 2 3 |  3.5
Maces & Flails | 1 2 3 |  3.5
Polearms       | 1 2 3 |  3.5
Staves         | 1 2 3 |  3.5
Slings         | 1 2 3 |  3.5
Bows           | 1 2 3 |  3.5
Crossbows      | 1 2 3 |  3.5
Throwing       | 1 2 3 |  3.5
Armour         | 1 2 3 |  3.5
Stealth        | 1 2 3 |  3.5
Shields        | 1 2 3 |  3.5
Evocations     | 1 2 3 |  3.5
Conjurations   | 1 2 |  2.9
Hexes          | 1 2 |  2.9
Charms         | 1 2 |  2.9
Summonings     | 1 2 |  2.9
Necromancy     | 1 2 |  2.9
Translocations | 1 2 |  2.9
Fire Magic     | 1 2 |  2.9
Ice Magic      | 1 2 |  2.9
Air Magic      | 1 2 |  2.9
Earth Magic    | 1 2 |  2.9
Poison Magic   | 1 2 |  2.9
Fighting       | 3 4 |  4.4
Transmutations | 4 |  4.8
Dodging        | 5 |  5.8
Unarmed Combat | 7 |  7.5

Action                   |  1- 3 |  4- 6 |  7- 9 || total
-------------------------+-------+-------+-------++-------
Melee: Unarmed           |    75 |    75 |    74 ||   224
       Kick              |     9 |     2 |       ||    11
       Bite              |     5 |     2 |       ||     7
       Punch             |       |     3 |       ||     3
       Dagger            |       |     4 |     3 ||     7
 Cast: Beastly Appendage |     6 |     1 |       ||     7
       Spider Form       |     6 |    13 |     8 ||    27
       Sticks to Snakes  |       |     2 |     5 ||     7
  Use: Potion            |       |     1 |       ||     1
       Scroll            |       |       |     8 ||     8
 Stab: Sleeping          |     1 |     2 |     1 ||     4
       Distracted        |       |     2 |     1 ||     3
  Eat: Chunk             |       |     2 |     2 ||     4
Armor: Robe              |     5 |     3 |     4 ||    12
       Skin              |     1 |     2 |     6 ||     9
Dodge: Dodged            |    70 |    56 |    91 ||   217

Table legend:
 A = Spawn XP
 B = Non-spawn XP
 C = Spawn XP percentage of total XP
 D = Spawn monster count
 E = Non-spawn monster count
 F = Spawn count percentage of total count
 G = Total turns spent on level
                    A         B        C        D         E        F      G
               +---------+---------+-------+---------+---------+-------+---------
         Total |       0 |    2148 |   0.0 |       0 |      83 |   0.0 |  1517
               +---------+---------+-------+---------+---------+-------+---------
           D:1 |       0 |      17 |   0.0 |       0 |      10 |   0.0 |   179
           D:2 |       0 |      42 |   0.0 |       0 |      10 |   0.0 |   154
           D:3 |       0 |     148 |   0.0 |       0 |      23 |   0.0 |   303
           D:4 |       0 |     194 |   0.0 |       0 |       8 |   0.0 |   335
           D:5 |       0 |     224 |   0.0 |       0 |       6 |   0.0 |   169
           D:6 |       0 |    1394 |   0.0 |       0 |      15 |   0.0 |   255
         Sewer |       0 |     129 |   0.0 |       0 |      11 |   0.0 |   122
               +---------+---------+-------+---------+---------+-------+---------

Table legend:
 A = Turns spent in this place as a percentage of turns spent in the entire game.
 B = Non-inter-level travel turns spent in this place as a percentage of non-inter-level travel turns spent in the entire game.
 C = Inter-level travel turns spent in this place as a percentage of turns spent in this place.
 D = Turns resting spent in this place as a percentage of non-inter-level travel turns spent in this place.
 E = Turns spent auto-exploring this place as a percentage of non-inter-level travel turns spent in this place.
 F = Non-inter-level travel turns spent in this place divided by the number of levels of this place that you've seen.
                   A       B       C       D       E      F
               +-------+-------+-------+-------+-------+----------------------
         Total | 100.0 | 100.0 |   0.0 |   0.0 |   0.0 | 216.7
       Dungeon |  92.0 |  92.0 |   0.0 |   0.0 |   0.0 | 232.5
         Sewer |   8.0 |   8.0 |   0.0 |   0.0 |   0.0 | 122.0
               +-------+-------+-------+-------+-------+----------------------

Table legend:
 A = Kills in this place as a percentage of kills in entire the game.
 B = Kills by you in this place as a percentage of kills by you in the entire game.
 C = Kills by friends in this place as a percentage of kills by friends in the entire game.
 D = Other kills in this place as a percentage of other kills in the entire game.
 E = Experience gained in this place as a percentage of experience gained in the entire game.
 F = Experience gained in this place divided by the number of levels of this place that you have seen.
                   A       B       C       D       E      F
               +-------+-------+-------+-------+-------+----------------------
         Total | 100.0 | 100.0 |   N/A |   N/A | 100.0 | 306.9
       Dungeon |  86.7 |  86.7 |   N/A |   N/A |  94.0 | 336.5
         Sewer |  13.3 |  13.3 |   N/A |   N/A |   6.0 | 129.0
               +-------+-------+-------+-------+-------+----------------------

Vault maps used:
D:1:      dpeg_arrival_boxes_within_box
D:2:      nicolae_overflow_crystal_walls, uniq_natasha
D:3:      nemelex_xobeh_ov_fountains_minmay
D:4:      lemuel_crystal_altar, first_ration, portal_sewer_entry_e,
          minmay_misc_feat_nine_boxes, uniq_ijyb
D:5:      minmay_temple_entry_fiery, minmay_misc_feat_cross,
          kennysheep_generic_room_14
D:6:      minmay_cornered_nines, kiku_gazebo_pond_becter,
          nicolae_qazlal_eye_of_the_storm, fedhas_altar_2
Sewer:    sewer_kobolds
